 Dungeon Crawl Stone Soup version 0.29-a0-11-ga75d3d97ab (webtiles) character file.

Game seed: 10633780264097341008

2 oldriver the Insei (level 1, 0/13 HPs)
             Began as an Octopode Transmuter on Jan 29, 2022.
             Slain by a quokka (5 damage)
             ... on level 1 of the Dungeon.
             The game lasted 00:00:40 (38 turns).

oldriver the Insei (Octopode Transmuter)              Turns: 38, Time: 00:00:40

Health: 0/13       AC:  1    Str:  9    XL:     1   Next: 40%
Magic:  2/3        EV: 13    Int: 15    God:
Gold:   0          SH:  0    Dex: 12    Spells: 3/4 levels left

rFire   . . .      SeeInvis .     - Unarmed
rCold   . . .      Faith    .   (no shield)
rNeg    . . .      Spirit   .   (helmet currently unavailable)
rPois   .          Reflect  .   (no amulet)
rElec   .          Harm     .   (no ring)
rCorr   .          Rampage  .   (no ring)
Will    .....                   (no ring)
Stlth   ++........              (no ring)
HPRegen 0.04/turn               (no ring)
MPRegen 0.08/turn               (no ring)
                                (no ring)
                                (no ring)

@: appendages
A: tentacle spike 3, almost no armour, amphibious, 8 rings, camouflage 1,
gelatinous body 1, (nimble swimmer 1), tentacles
a: End Transformation


You were on level 1 of the Dungeon.
One of your tentacles had grown a beastly spike.
You visited 1 branch of the dungeon, and saw 1 of its levels.

You aren't carrying anything.


   Skills:
 - Level 1.0 Fighting
 - Level 2.0 Dodging
 + Level 0.4 Stealth
 - Level 3.0 Unarmed Combat
 + Level 2.0 Spellcasting
 + Level 2.1 Transmutations


You had 3 spell levels left.
You knew the following spells:

 Your Spells              Type           Power      Damage    Failure   Level
a - Beastly Appendage     Tmut           14%        N/A       10%         1

Your spell library contained the following spells:

 Spells                   Type           Power      Damage    Failure   Level
 Wereblood                Tmut           7%         N/A       14%         2
 Spider Form              Tmut/Pois      4%         N/A       41%         3
 Ice Form                 Ice/Tmut       4%         N/A       82%         4


Dungeon Overview and Level Annotations

Branches:
Dungeon (1/15)

Altars:


Innate Abilities, Weirdness & Mutations

One of your tentacles has grown a beastly spike.
You cannot wear most types of armour.
You are amphibious.
You can wear up to eight rings at the same time.
Your skin changes colour to match your surroundings (Stealth+).
Your rubbery body absorbs attacks. (AC +1, EV +1)
((You are camouflaged when in or above water. (Stealth+)))
You have tentacles for arms and can constrict up to eight enemies at once.


Message History

You see here a smoky puce potion.
The goblin hits you with a +0 club.
You closely miss the goblin. Your grab misses the goblin. You miss the goblin.
Your grab misses the goblin.
Your tentacle spike misses the goblin.
Your squeeze misses the goblin.
Your transformation is almost over.
The goblin barely misses you.
You tentacle-slap the goblin.
You kill the goblin!
You barely miss the quokka. Your grab misses the quokka.
You squeeze the quokka.
You kill the quokka!
A quokka comes into view.
A hobgoblin comes into view.
The hobgoblin moves out of view.
Things that are here:
a +0 club; a goblin corpse
Found a stone staircase leading down.
A giant cockroach comes into view.
A dart slug comes into view.
Things that are here:
a +0 club; a goblin corpse Your tentacle spike disappears.
One of your tentacles grows a vicious spike.
You closely miss the quokka. Your grab misses the quokka.
The quokka bites you but does no damage.
You barely miss the quokka. Your grab misses the quokka. The quokka bites you.
The quokka barely misses you.
You are too injured to fight recklessly!
You are too injured to fight recklessly!
You closely miss the quokka. You grab the quokka.
Your tentacle spike misses the quokka.
You constrict the quokka, but do no damage.
The quokka bites you.
You are too injured to fight recklessly!
You are too injured to fight recklessly!
You tentacle-slap the quokka but do no damage.
You constrict the quokka, but do no damage.
The quokka bites you.
You die...

#########)######
########.##
#......!..#
#.........###
#.........#.#
#.).......#>#
#.........#<#
#........r#.#
#########.#@#
#.r.# #####


You could see a quokka.

Vanquished Creatures
  A goblin (D:1)
  A quokka (D:1)
2 creatures vanquished.

Notes
Turn   | Place    | Note
-------+----------+-------------------------------------------
     0 | D:1      | oldriver the Octopode Transmuter began the quest for the
                  | Orb.
     0 | D:1      | Reached XP level 1. HP: 13/13 MP: 3/3
    38 | D:1      | Slain by a quokka

Illustrated notes

Levels and vault maps discovered:
D:1:      dpeg_arrival_tiny_i, layout_basic, serial_shops,
          nicolae_shop_advertising_works [nicolae_subvault_shop_adworks],
          lemuel_another_geyser

Action                   || total
-------------------------++-------
Melee: Unarmed           ||     8
       Constrict         ||     1
       Tentacles         ||     1
 Cast: Beastly Appendage ||     2
Armor: Skin              ||     1
Dodge: Dodged            ||     2

Table legend: (Time is in decaauts)
 A = Elapsed time spent in this place.
 B = Non-inter-level travel time spent in this place.
 C = Inter-level travel time spent in this place.
 D = Time resting spent in this place.
 E = Time spent auto-exploring this place.
 F = Levels seen in this place.
 G = Mean time per level.
                   A        B        C        D        E       F      G
               +--------+--------+--------+--------+--------+-----+--------+
         Total |     37 |     37 |      0 |      0 |      7 |   1 |   37.0 |
       Dungeon |     37 |     37 |      0 |      0 |      7 |   1 |   37.0 |
               +--------+--------+--------+--------+--------+-----+--------+

Top non-repeatable levels by time:
     D:1: 37 daAuts
